Devils vs Stars
(R1)
Created - 7 novembre 2012 at 23:26
Simulating a Pre-Season
Goals
|
| Devils |
1 |
1 |
3 |
5 |
| Stars |
2 |
1 |
1 |
4 |
|
Shots
|
| Devils |
13 |
11 |
6 |
30 |
| Stars |
15 |
9 |
16 |
40 |
|
1st period
1. Devils , Chris Kunitz 2 (Josef Vasicek) at 7:47
2. Stars , Colby Armstrong 1 (Patrik Elias, David Legwand) at 17:01
3. Stars , Nathan Horton 1 (Mathieu Schneider, Steve Rucchin) at 18:51
Penalties :
Steve Rucchin (Dal) for Charging (Minor) at 8:08
2nd period
4. Stars , Jan Hlavac 2 (Steve Rucchin) at 6:36
5. Devils , Marian Hossa 2 (Sydney Crosby, Benoit Pouliot) at 19:11
Penalties :
David Legwand (Dal) for Fighting (Major) at 17:35, Mikael Renberg (NJD) for Fighting (Major) at 17:35, Patrik Elias (Dal) for Hooking (Minor) at 19:14, Marian Hossa (NJD) for Holding (Minor) at 19:14
3rd period
6. Devils , Marian Hossa 3 (Sydney Crosby) at 4:18
7. Devils , Ramzi Abid 4 (Peter Prucha) at 4:49
8. Devils , Peter Prucha 4 (Dmitri Kalinin, Ramzi Abid) at 5:18
9. Stars , Jan Hlavac 3 (Nathan Horton, Steve Rucchin) at 9:11
Penalties :
Steve Rucchin (Dal) for Hooking (Minor) at 13:28
Goalie Stats
Maxime Daigneault (NJD), 36 saves from 40 shots - (0,900), W, 1-1-1, 60:00 minutes
Miika Kiprusoff (Dal), 25 saves from 30 shots - (0,833), L, 2-1-1, 59:00 minutes
Players Stats for Devils
Player Name G A P +/- PIM S H SB GA TA FO MP PP MP PK MP
------------------------------------------------------------------------------------
Benoit Pouliot 0 1 1 -1 0 1 1 0 2 0 1/3 17:05 0:00 0:00
Chris Kunitz 1 0 1 1 0 1 0 0 0 0 1/1 13:46 1:48 0:00
Chris Pronger 0 0 0 0 0 2 3 4 1 0 0/0 28:32 1:51 0:00
Dmitri Kalinin 0 1 1 0 0 3 1 4 0 0 0/0 18:56 1:51 0:00
Doug Weight 0 0 0 0 0 4 4 1 2 1 5/10 13:52 1:48 0:00
George Parros 0 0 0 1 0 0 1 1 0 0 0/0 4:55 0:00 0:00
Jonathan Ericsson 0 0 0 0 0 3 0 1 0 2 0/0 19:43 0:00 0:00
Josef Vasicek 0 1 1 1 0 0 2 1 0 1 0/2 15:15 0:01 0:00
Marian Hossa 2 0 2 -1 2 5 1 3 0 1 0/0 23:12 2:09 0:00
Mikael Renberg 0 0 0 0 5 1 0 0 0 0 0/1 9:43 0:01 0:00
Olli Jokinen 0 0 0 1 0 0 0 0 0 0 6/9 17:35 0:01 0:00
Peter Prucha 1 1 2 1 0 2 2 0 0 0 0/1 16:06 1:48 0:00
Raffi Torres 0 0 0 0 0 0 0 0 0 0 0/0 10:17 0:00 0:00
Ramzi Abid 1 1 2 1 0 3 0 0 0 0 0/0 15:51 2:09 0:00
Richard Matvichuk 0 0 0 1 0 1 0 0 0 0 0/0 13:08 0:01 0:00
Roman Hamrlik 0 0 0 1 0 1 0 1 0 1 0/0 16:22 2:07 0:00
Sergei Zubov 0 0 0 0 0 0 0 4 1 0 0/0 23:19 2:06 0:00
Sydney Crosby 0 2 2 -1 0 3 0 1 1 0 15/34 20:22 2:09 0:00
Players Stats for Stars
Player Name G A P +/- PIM S H SB GA TA FO MP PP MP PK MP
------------------------------------------------------------------------------------
Alexei Kovalev 0 0 0 -3 0 1 3 2 2 1 0/0 19:42 0:00 2:31
Brad Isbister 0 0 0 0 0 0 0 0 0 0 0/0 8:30 0:00 0:36
Brendan Bell 0 0 0 1 0 3 3 0 0 2 0/0 21:33 0:00 0:00
Colby Armstrong 1 0 1 -1 0 4 1 0 1 0 0/0 16:13 0:00 0:51
David Legwand 0 1 1 -1 5 1 1 0 0 0 14/21 15:46 0:00 1:00
Filip Novak 0 0 0 0 0 1 1 2 0 0 0/0 22:36 0:00 2:30
Glen Metropolit 0 0 0 0 0 1 1 0 0 0 0/1 9:11 0:00 0:27
Ivan Majesky 0 0 0 0 0 1 0 0 0 0 0/0 12:49 0:00 0:35
Jan Hlavac 2 0 2 3 0 5 3 1 0 1 0/2 13:13 0:00 0:00
Marcus Nilson 0 0 0 -3 0 1 1 0 0 0 0/1 15:35 0:00 0:00
Mark Parrish 0 0 0 0 0 1 0 0 0 0 0/0 7:24 0:00 0:00
Mathieu Schneider 0 1 1 -1 0 4 1 0 1 1 0/0 24:35 0:00 0:53
Mike Modano 0 0 0 -3 0 3 2 0 1 1 10/18 19:42 0:00 2:31
Nathan Horton 1 1 2 3 0 2 0 0 0 1 1/2 15:05 0:00 0:00
Patrik Elias 0 1 1 -1 2 5 3 0 1 0 1/1 17:10 0:00 0:00
Randy Jones 0 0 0 0 0 0 0 0 0 0 0/0 13:42 0:00 1:28
Shea Weber 0 0 0 -2 0 1 1 1 0 0 0/0 24:45 0:00 2:30
Steve Rucchin 0 3 3 3 4 6 2 0 0 0 7/15 16:28 0:00 0:00
3 Stars
1 - Jan Hlavac (Dal)
2 - Nathan Horton (Dal)
3 - Peter Prucha (NJD)
Power Play
Devils - 0 on 2 Attempt(s) - 0,00%
Stars - 0 on 0 Attempt(s) - 0,00%
Penalty Kill
Devils - 0 on 0 Attempt(s) - 0,00%
- Score 0 goal in Penalty Kill
Stars - 2 on 2 Attempt(s) - 100,00%
- Score 0 goal in Penalty Kill
Official
Referees : Charron Francis and Fraser Kerry
Linesman : Scott Cherrey and Brad Kovachik
Game Notes
George Parros is injured at 4:42 of 2nd period (Strained Right Elbow)
David Legwand and Mikael Renberg fight to a draw at 17:35 of 2nd period
Devils
5 vs 5 Forward
Center Left Wing Right Wing Time % Phy DF OF
1 Sydney Crosby Benoit Pouliot Marian Hossa 40 1 2 2
2 Olli Jokinen Ramzi Abid Peter Prucha 30 1 2 2
3 Josef Vasicek Chris Kunitz George Parros 20 1 2 2
4 Doug Weight Raffi Torres Mikael Renberg 10 1 2 2
5 vs 5 Defense
Defense Defense Time % Phy DF OF
1 Chris Pronger Jonathan Ericsson 40 1 2 2
2 Dmitri Kalinin Sergei Zubov 30 1 2 2
3 Richard Matvichuk Roman Hamrlik 20 1 2 2
4 Sergei Zubov Chris Pronger 10 1 2 2
PowerPlay Forward
Center Left Wing Right Wing Time % Phy DF OF
1 Sydney Crosby Ramzi Abid Marian Hossa 60 1 2 2
2 Doug Weight Chris Kunitz Peter Prucha 40 1 2 2
PowerPlay Defense
Defense Defense Time % Phy DF OF
1 Sergei Zubov Roman Hamrlik 60 1 2 2
2 Dmitri Kalinin Chris Pronger 40 1 2 2
Penalty Kill 4 Players Forward
Center Wing Time % Phy DF OF
1 Doug Weight Ramzi Abid 60 1 2 2
2 Sydney Crosby Marian Hossa 40 1 2 2
Penalty Kill 4 Players Defense
Defense Defense Time % Phy DF OF
1 Sergei Zubov Dmitri Kalinin 60 1 2 2
2 Chris Pronger Roman Hamrlik 40 1 2 2
Penalty Kill - 3 Players Forward
Forward Time % Phy DF OF
1 Doug Weight 60 1 2 2
2 Sydney Crosby 40 1 2 2
Penalty Kill - 3 Players Defense
Defense Defense Time % Phy DF OF
1 Sergei Zubov Chris Pronger 60 1 2 2
2 Dmitri Kalinin Roman Hamrlik 40 1 2 2
4 vs 4 Forward
Center Wing Time % Phy DF OF
1 Doug Weight Ramzi Abid 60 1 2 2
2 Sydney Crosby Marian Hossa 40 1 2 2
4 vs 4 Defense
Defense Defense Time % Phy DF OF
1 Sergei Zubov Dmitri Kalinin 60 1 2 2
2 Chris Pronger Roman Hamrlik 40 1 2 2
Last Minutes Offensive
Center Left Wing Right Wing Defense Defense
Sydney Crosby Ramzi Abid Marian Hossa Sergei Zubov Chris Pronger
Last Minutes Defensive
Center Left Wing Right Wing Defense Defense
Sydney Crosby Ramzi Abid Marian Hossa Sergei Zubov Chris Pronger
Goaltenders
Starting : Maxime Daigneault
Backup : Ryan Miller
Extra Forwards
Normal : Olli Jokinen, Josef Vasicek, Peter Prucha - PP : Olli Jokinen, Josef Vasicek - PK : Peter Prucha
Extra Defensemen
Normal : Richard Matvichuk, Jonathan Ericsson, Dmitri Kalinin - PP : Richard Matvichuk - PK : Jonathan Ericsson, Dmitri Kalinin
Penalty Shots
Marian Hossa, Sydney Crosby, George Parros, Doug Weight, Olli Jokinen
Stars
5 vs 5 Forward
Center Left Wing Right Wing Time % Phy DF OF
1 David Legwand Patrik Elias Colby Armstrong 33 1 1 3
2 Mike Modano Marcus Nilson Alexei Kovalev 33 1 1 3
3 Steve Rucchin Jan Hlavac Nathan Horton 28 1 2 2
4 Glen Metropolit Brad Isbister Mark Parrish 6 1 3 1
5 vs 5 Defense
Defense Defense Time % Phy DF OF
1 Shea Weber Filip Novak 37 1 2 2
2 Mathieu Schneider Brendan Bell 37 1 1 3
3 Randy Jones Ivan Majesky 20 1 3 1
4 Mathieu Schneider Shea Weber 6 1 2 2
PowerPlay Forward
Center Left Wing Right Wing Time % Phy DF OF
1 David Legwand Patrik Elias Colby Armstrong 50 1 1 3
2 Mike Modano Marcus Nilson Alexei Kovalev 50 1 1 3
PowerPlay Defense
Defense Defense Time % Phy DF OF
1 Mathieu Schneider Shea Weber 65 1 1 3
2 Filip Novak Brendan Bell 35 1 2 2
Penalty Kill 4 Players Forward
Center Wing Time % Phy DF OF
1 Mike Modano Alexei Kovalev 60 1 4 0
2 David Legwand Colby Armstrong 40 1 4 0
Penalty Kill 4 Players Defense
Defense Defense Time % Phy DF OF
1 Shea Weber Filip Novak 60 1 4 0
2 Mathieu Schneider Randy Jones 40 1 4 0
Penalty Kill - 3 Players Forward
Forward Time % Phy DF OF
1 Mike Modano 60 1 4 0
2 David Legwand 40 1 4 0
Penalty Kill - 3 Players Defense
Defense Defense Time % Phy DF OF
1 Shea Weber Filip Novak 60 1 4 0
2 Mathieu Schneider Randy Jones 40 1 4 0
4 vs 4 Forward
Center Wing Time % Phy DF OF
1 David Legwand Patrik Elias 50 1 1 3
2 Mike Modano Alexei Kovalev 50 1 1 3
4 vs 4 Defense
Defense Defense Time % Phy DF OF
1 Shea Weber Filip Novak 50 1 1 3
2 Mathieu Schneider Brendan Bell 50 1 1 3
Last Minutes Offensive
Center Left Wing Right Wing Defense Defense
Mike Modano Patrik Elias Alexei Kovalev Mathieu Schneider Shea Weber
Last Minutes Defensive
Center Left Wing Right Wing Defense Defense
Mike Modano Jan Hlavac Alexei Kovalev Shea Weber Filip Novak
Goaltenders
Starting : Miika Kiprusoff
Backup : Chris Osgood
Extra Forwards
Normal : Steve Rucchin, Glen Metropolit, Nathan Horton - PP : Steve Rucchin, Nathan Horton - PK : Glen Metropolit
Extra Defensemen
Normal : Randy Jones, Ivan Majesky, Mathieu Schneider - PP : Randy Jones - PK : Randy Jones, Ivan Majesky
Penalty Shots
Mike Modano, Alexei Kovalev, Nathan Horton, Steve Rucchin, David Legwand
% Time on Ice - Devils
Lines # - Real PCT - Wanted PCT - Time Play
Normal Forward
1 - 33% - 40% - 17:28
2 - 25% - 30% - 13:14
3 - 22% - 20% - 11:51
4 - 19% - 10% - 10:17
Normal Defense
1 - 38% - 40% - 19:59
2 - 30% - 30% - 15:44
3 - 24% - 20% - 12:33
4 - 9% - 10% - 4:34
PP Forward
1 - 54% - 60% - 2:09
2 - 46% - 40% - 1:49
PP Defense
1 - 53% - 60% - 2:07
2 - 47% - 40% - 1:51
PK Forward
1 - 0% - 60%
2 - 0% - 40%
PK Defense
1 - 0% - 60%
2 - 0% - 40%
PK3 Forward
1 - 0% - 60%
2 - 0% - 40%
PK3 Defense
1 - 0% - 60%
2 - 0% - 40%
44 Forward
1 - 84% - 60% - 1:40
2 - 16% - 40% - 0:19
44 Defense
1 - 81% - 60% - 1:36
2 - 19% - 40% - 0:23
Last Minute Offensive - 0:00
Last Minute Defensive - 1:13
Total
Forward - 60:00
Defense - 60:00
|
% Time on Ice - Stars
Lines # - Real PCT - Wanted PCT - Time Play
Normal Forward
1 - 30% - 33% - 15:42
2 - 31% - 33% - 16:32
3 - 25% - 28% - 13:13
4 - 14% - 6% - 7:24
Normal Defense
1 - 34% - 37% - 18:06
2 - 39% - 37% - 20:45
3 - 23% - 20% - 12:14
4 - 3% - 6% - 1:46
PP Forward
1 - 0% - 50%
2 - 0% - 50%
PP Defense
1 - 0% - 65%
2 - 0% - 35%
PK Forward
1 - 79% - 60% - 3:07
2 - 21% - 40% - 0:51
PK Defense
1 - 63% - 60% - 2:30
2 - 37% - 40% - 1:28
PK3 Forward
1 - 0% - 60%
2 - 0% - 40%
PK3 Defense
1 - 0% - 60%
2 - 0% - 40%
44 Forward
1 - 71% - 50% - 1:25
2 - 29% - 50% - 0:34
44 Defense
1 - 60% - 50% - 1:11
2 - 40% - 50% - 0:48
Last Minute Offensive - 1:12
Last Minute Defensive - 0:00
Total
Forward - 60:00
Defense - 60:00
|
Play by Play
1st period
0:01 of 1st period - David Legwand wins face-off versus Sydney Crosby in neutral zone.
0:16 of 1st period - Wrist shot by David Legwand.
0:16 of 1st period - Shot Misses the Net.
0:26 of 1st period - Shea Weber is hit by Peter Prucha and loses puck.
1:05 of 1st period - Dmitri Kalinin is hit by Jan Hlavac and loses puck.
1:22 of 1st period - Slapshot by David Legwand.
1:22 of 1st period - Shot Misses the Net.
1:40 of 1st period - Wrist shot by Marcus Nilson.
1:40 of 1st period - Shot Misses the Net.
1:42 of 1st period - Slapshot by Alexei Kovalev.
1:42 of 1st period - Deflect By Mike Modano.
1:42 of 1st period - Stopped by Maxime Daigneault without a rebound.
1:43 of 1st period - Mike Modano wins face-off versus Sydney Crosby in Devils zone.
2:01 of 1st period - Wrist shot by Alexei Kovalev.
2:01 of 1st period - Shot Blocked by Marian Hossa.
2:03 of 1st period - Snap shot by Mike Modano.
2:03 of 1st period - Shot Misses the Net.
2:05 of 1st period - Slapshot by Ivan Majesky.
2:05 of 1st period - Stopped by Maxime Daigneault with a rebound.
2:14 of 1st period - Icing by Roman Hamrlik.
2:15 of 1st period - Sydney Crosby wins face-off versus Steve Rucchin in Devils zone.
2:32 of 1st period - Wrist shot by Sydney Crosby.
2:32 of 1st period - Stopped by Miika Kiprusoff with a rebound.
2:34 of 1st period - Slapshot by Marian Hossa.
2:34 of 1st period - Stopped by Miika Kiprusoff with a rebound.
2:36 of 1st period - Slapshot by Roman Hamrlik.
2:36 of 1st period - Stopped by Miika Kiprusoff without a rebound.
2:37 of 1st period - Patrik Elias wins face-off versus Olli Jokinen in Stars zone.
2:49 of 1st period - Off-side.
2:50 of 1st period - Olli Jokinen wins face-off versus Glen Metropolit in neutral zone.
2:53 of 1st period - Shea Weber is hit by Chris Pronger and loses puck.
2:58 of 1st period - Snap shot by Ramzi Abid.
2:58 of 1st period - Stopped by Miika Kiprusoff with a rebound.
3:00 of 1st period - Slapshot by Jonathan Ericsson.
3:00 of 1st period - Stopped by Miika Kiprusoff without a rebound.
3:01 of 1st period - Doug Weight wins face-off versus David Legwand in Stars zone.
3:36 of 1st period - Slapshot by Nathan Horton.
3:36 of 1st period - Stopped by Maxime Daigneault with a rebound.
3:53 of 1st period - Marian Hossa is hit by Mike Modano and loses puck.
4:32 of 1st period - Wrist shot by Raffi Torres.
4:32 of 1st period - Shot Misses the Net.
4:36 of 1st period - Snap shot by Doug Weight.
4:36 of 1st period - Stopped by Miika Kiprusoff with a rebound.
5:18 of 1st period - Snap shot by Alexei Kovalev.
5:18 of 1st period - Shot Misses the Net.
5:23 of 1st period - Off-side.
5:24 of 1st period - David Legwand wins face-off versus Doug Weight in neutral zone.
5:27 of 1st period - Snap shot by Colby Armstrong.
5:27 of 1st period - Shot Misses the Net.
5:29 of 1st period - Snap shot by Mathieu Schneider.
5:29 of 1st period - Shot Misses the Net.
5:31 of 1st period - Snap shot by Colby Armstrong.
5:31 of 1st period - Stopped by Maxime Daigneault with a rebound.
5:33 of 1st period - Snap shot by Brendan Bell.
5:33 of 1st period - Shot Blocked by Sergei Zubov.
5:35 of 1st period - Slapshot by Brendan Bell.
5:35 of 1st period - Stopped by Maxime Daigneault with a rebound.
5:37 of 1st period - Backhand shot by Colby Armstrong.
5:37 of 1st period - Stopped by Maxime Daigneault without a rebound.
5:38 of 1st period - Mike Modano wins face-off versus Sydney Crosby in Devils zone.
6:35 of 1st period - Slapshot by Mathieu Schneider.
6:35 of 1st period - Stopped by Maxime Daigneault without a rebound.
6:36 of 1st period - Sydney Crosby wins face-off versus David Legwand in Devils zone.
7:47 of 1st period - Wrist shot by Chris Kunitz.
7:47 of 1st period - Goal by Chris Kunitz - Devils : 1 - Stars : 0.
7:48 of 1st period - Sydney Crosby wins face-off versus Steve Rucchin in neutral zone.
7:53 of 1st period - Wrist shot by Sydney Crosby.
7:53 of 1st period - Shot Misses the Net.
7:55 of 1st period - Slapshot by Chris Pronger.
7:55 of 1st period - Deflect By Filip Novak.
7:55 of 1st period - Stopped by Miika Kiprusoff without a rebound.
7:56 of 1st period - Steve Rucchin wins face-off versus Sydney Crosby in Stars zone.
8:08 of 1st period - Minor Penalty to Steve Rucchin for Charging.
8:09 of 1st period - Mike Modano wins face-off versus Sydney Crosby in Stars zone.
8:48 of 1st period - Slapshot by Sergei Zubov.
8:48 of 1st period - Deflect By Chris Kunitz.
8:48 of 1st period - Shot Misses the Net.
8:48 of 1st period - Puck is out of play.
8:49 of 1st period - David Legwand wins face-off versus Doug Weight in Stars zone.
9:21 of 1st period - Off-side.
9:22 of 1st period - Sydney Crosby wins face-off versus David Legwand in neutral zone.
9:38 of 1st period - Snap shot by Sydney Crosby.
9:38 of 1st period - Shot Blocked by Alexei Kovalev.
10:08 of 1st period - Penalty to Steve Rucchin is over, Steve Rucchin is back on ice.
10:08 of 1st period - Mike Modano is hit by Dmitri Kalinin and loses puck.
10:19 of 1st period - Slapshot by Mike Modano.
10:19 of 1st period - Shot Misses the Net.
10:21 of 1st period - Slapshot by Shea Weber.
10:21 of 1st period - Shot Blocked by Dmitri Kalinin.
11:23 of 1st period - Slapshot by David Legwand.
11:23 of 1st period - Deflect By Colby Armstrong.
11:23 of 1st period - Shot Misses the Net.
11:23 of 1st period - Puck is out of play.
11:24 of 1st period - David Legwand wins face-off versus Sydney Crosby in Devils zone.
12:33 of 1st period - Wrist shot by Mike Modano.
12:33 of 1st period - Shot Misses the Net.
13:18 of 1st period - Olli Jokinen is hit by Steve Rucchin and loses puck.
13:56 of 1st period - Glen Metropolit is hit by Doug Weight and loses puck.
14:39 of 1st period - Wrist shot by Sydney Crosby.
14:39 of 1st period - Shot Misses the Net.
15:04 of 1st period - Snap shot by Glen Metropolit.
15:04 of 1st period - Stopped by Maxime Daigneault with a rebound.
16:22 of 1st period - Slapshot by Mathieu Schneider.
16:22 of 1st period - Stopped by Maxime Daigneault without a rebound.
16:23 of 1st period - Mike Modano wins face-off versus Josef Vasicek in Devils zone.
16:47 of 1st period - Off-side.
16:48 of 1st period - David Legwand wins face-off versus Sydney Crosby in neutral zone.
16:59 of 1st period - Snap shot by Patrik Elias.
16:59 of 1st period - Shot Misses the Net.
17:01 of 1st period - Wrist shot by Colby Armstrong.
17:01 of 1st period - Goal by Colby Armstrong - Devils : 1 - Stars : 1.
17:02 of 1st period - Sydney Crosby wins face-off versus Mike Modano in neutral zone.
17:09 of 1st period - Snap shot by Sydney Crosby.
17:09 of 1st period - Deflect By Benoit Pouliot.
17:09 of 1st period - Stopped by Miika Kiprusoff with a rebound.
17:11 of 1st period - Wrist shot by Jonathan Ericsson.
17:11 of 1st period - Deflect By Mike Modano.
17:11 of 1st period - Stopped by Miika Kiprusoff with a rebound.
17:13 of 1st period - Wrist shot by Sydney Crosby.
17:13 of 1st period - Shot Blocked by Filip Novak.
17:15 of 1st period - Slapshot by Sydney Crosby.
17:15 of 1st period - Stopped by Miika Kiprusoff without a rebound.
17:16 of 1st period - Olli Jokinen wins face-off versus Mike Modano in Stars zone.
17:23 of 1st period - Snap shot by Ramzi Abid.
17:23 of 1st period - Stopped by Miika Kiprusoff with a rebound.
17:25 of 1st period - Slapshot by Jonathan Ericsson.
17:25 of 1st period - Shot Misses the Net.
17:27 of 1st period - Slapshot by Jonathan Ericsson.
17:27 of 1st period - Deflect By Ramzi Abid.
17:27 of 1st period - Shot Misses the Net.
17:27 of 1st period - Puck is out of play.
17:28 of 1st period - Mike Modano wins face-off versus Sydney Crosby in Stars zone.
17:41 of 1st period - Chris Pronger is hit by Alexei Kovalev and loses puck.
17:56 of 1st period - Snap shot by Patrik Elias.
17:56 of 1st period - Shot Misses the Net.
17:58 of 1st period - Slapshot by Shea Weber.
17:58 of 1st period - Shot Blocked by Jonathan Ericsson.
18:00 of 1st period - Slapshot by Shea Weber.
18:00 of 1st period - Stopped by Maxime Daigneault with a rebound.
18:02 of 1st period - Wrist shot by Filip Novak.
18:02 of 1st period - Shot Hit the Post.
18:04 of 1st period - Snap shot by David Legwand.
18:04 of 1st period - Stopped by Maxime Daigneault without a rebound.
18:05 of 1st period - Steve Rucchin wins face-off versus Olli Jokinen in Devils zone.
18:10 of 1st period - Slapshot by Jan Hlavac.
18:10 of 1st period - Stopped by Maxime Daigneault without a rebound.
18:11 of 1st period - Olli Jokinen wins face-off versus Jan Hlavac in Devils zone.
18:23 of 1st period - Sergei Zubov is hit by Jan Hlavac and loses puck.
18:35 of 1st period - Slapshot by Dmitri Kalinin.
18:35 of 1st period - Stopped by Miika Kiprusoff with a rebound.
18:45 of 1st period - Slapshot by Mathieu Schneider.
18:45 of 1st period - Shot Blocked by Dmitri Kalinin.
18:47 of 1st period - Slapshot by Mathieu Schneider.
18:47 of 1st period - Stopped by Maxime Daigneault with a rebound.
18:49 of 1st period - Wrist shot by Mathieu Schneider.
18:49 of 1st period - Shot Misses the Net.
18:51 of 1st period - Snap shot by Nathan Horton.
18:51 of 1st period - Goal by Nathan Horton - Devils : 1 - Stars : 2.
18:52 of 1st period - Sydney Crosby wins face-off versus Mike Modano in neutral zone.
19:17 of 1st period - Shea Weber is hit by George Parros and loses puck.
2nd period
0:01 of 2nd period - Mike Modano wins face-off versus Sydney Crosby in neutral zone.
0:48 of 2nd period - Chris Pronger is hit by Patrik Elias and loses puck.
1:10 of 2nd period - Snap shot by Dmitri Kalinin.
1:10 of 2nd period - Stopped by Miika Kiprusoff with a rebound.
1:12 of 2nd period - Snap shot by Ramzi Abid.
1:12 of 2nd period - Shot Misses the Net.
1:14 of 2nd period - Slapshot by Richard Matvichuk.
1:14 of 2nd period - Stopped by Miika Kiprusoff without a rebound.
1:15 of 2nd period - Olli Jokinen wins face-off versus Mike Modano in Stars zone.
1:37 of 2nd period - Slapshot by Roman Hamrlik.
1:37 of 2nd period - Shot Misses the Net.
2:01 of 2nd period - Brendan Bell is hit by Josef Vasicek and loses puck.
2:45 of 2nd period - Wrist shot by Marcus Nilson.
2:45 of 2nd period - Shot Blocked by Chris Pronger.
2:51 of 2nd period - Alexei Kovalev is hit by Chris Pronger and loses puck.
3:16 of 2nd period - Slapshot by Alexei Kovalev.
3:16 of 2nd period - Shot Blocked by Chris Pronger.
3:32 of 2nd period - Snap shot by Mikael Renberg.
3:32 of 2nd period - Shot Misses the Net.
3:34 of 2nd period - Backhand shot by Mikael Renberg.
3:34 of 2nd period - Stopped by Miika Kiprusoff with a rebound.
3:36 of 2nd period - Wrist shot by Mikael Renberg.
3:36 of 2nd period - Shot Misses the Net.
3:38 of 2nd period - Slapshot by Jonathan Ericsson.
3:38 of 2nd period - Stopped by Miika Kiprusoff with a rebound.
3:40 of 2nd period - Slapshot by Chris Pronger.
3:40 of 2nd period - Stopped by Miika Kiprusoff with a rebound.
3:42 of 2nd period - Snap shot by Doug Weight.
3:42 of 2nd period - Stopped by Miika Kiprusoff with a rebound.
3:50 of 2nd period - Wrist shot by Raffi Torres.
3:50 of 2nd period - Shot Misses the Net.
3:52 of 2nd period - Wrist shot by Mikael Renberg.
3:52 of 2nd period - Shot Blocked by Alexei Kovalev.
3:54 of 2nd period - Snap shot by Doug Weight.
3:54 of 2nd period - Stopped by Miika Kiprusoff without a rebound.
3:55 of 2nd period - David Legwand wins face-off versus Sydney Crosby in Stars zone.
4:26 of 2nd period - Snap shot by David Legwand.
4:26 of 2nd period - Shot Blocked by Josef Vasicek.
4:28 of 2nd period - Slapshot by Mathieu Schneider.
4:28 of 2nd period - Shot Blocked by Dmitri Kalinin.
4:30 of 2nd period - Backhand shot by Mathieu Schneider.
4:30 of 2nd period - Stopped by Maxime Daigneault with a rebound.
4:38 of 2nd period - Snap shot by Patrik Elias.
4:38 of 2nd period - Shot Misses the Net.
4:40 of 2nd period - Snap shot by Brendan Bell.
4:40 of 2nd period - Shot Misses the Net.
4:42 of 2nd period - Slapshot by Mathieu Schneider.
4:42 of 2nd period - Shot Blocked by George Parros.
4:42 of 2nd period - George Parros from Devils is injured at 4:42 of 2nd period (Strained Right Elbow).
4:43 of 2nd period - Sydney Crosby wins face-off versus David Legwand in Devils zone.
4:58 of 2nd period - Sydney Crosby is hit by David Legwand and loses puck.
6:10 of 2nd period - Ivan Majesky is hit by Josef Vasicek.
6:34 of 2nd period - Snap shot by Steve Rucchin.
6:34 of 2nd period - Stopped by Maxime Daigneault with a rebound.
6:36 of 2nd period - Backhand shot by Jan Hlavac.
6:36 of 2nd period - Goal by Jan Hlavac - Devils : 1 - Stars : 3.
6:37 of 2nd period - David Legwand wins face-off versus Benoit Pouliot in neutral zone.
6:49 of 2nd period - Wrist shot by Sydney Crosby.
6:49 of 2nd period - Stopped by Miika Kiprusoff with a rebound.
7:10 of 2nd period - Snap shot by Ramzi Abid.
7:10 of 2nd period - Shot Misses the Net.
7:12 of 2nd period - Slapshot by Peter Prucha.
7:12 of 2nd period - Stopped by Miika Kiprusoff without a rebound.
7:13 of 2nd period - Benoit Pouliot wins face-off versus Mike Modano in Stars zone.
8:08 of 2nd period - Snap shot by Patrik Elias.
8:08 of 2nd period - Shot Misses the Net.
8:46 of 2nd period - Wrist shot by Mike Modano.
8:46 of 2nd period - Shot Misses the Net.
8:55 of 2nd period - Icing by Alexei Kovalev.
8:56 of 2nd period - Steve Rucchin wins face-off versus Doug Weight in Stars zone.
9:02 of 2nd period - Slapshot by Mathieu Schneider.
9:02 of 2nd period - Shot Blocked by Dmitri Kalinin.
9:04 of 2nd period - Slapshot by Brendan Bell.
9:04 of 2nd period - Stopped by Maxime Daigneault with a rebound.
9:06 of 2nd period - Wrist shot by Steve Rucchin.
9:06 of 2nd period - Stopped by Maxime Daigneault without a rebound.
9:07 of 2nd period - Mike Modano wins face-off versus Sydney Crosby in Devils zone.
9:32 of 2nd period - Shea Weber is hit by Peter Prucha and loses puck.
10:22 of 2nd period - Icing by Filip Novak.
10:23 of 2nd period - Olli Jokinen wins face-off versus Steve Rucchin in Stars zone.
11:16 of 2nd period - Roman Hamrlik is hit by Shea Weber and loses puck.
12:10 of 2nd period - Snap shot by Marcus Nilson.
12:10 of 2nd period - Stopped by Maxime Daigneault without a rebound.
12:11 of 2nd period - Chris Kunitz wins face-off versus Mike Modano in Devils zone.
12:22 of 2nd period - Snap shot by Chris Kunitz.
12:22 of 2nd period - Shot Misses the Net.
12:36 of 2nd period - Colby Armstrong is hit by Doug Weight and loses puck.
13:02 of 2nd period - Benoit Pouliot is hit by Steve Rucchin and loses puck.
13:23 of 2nd period - Snap shot by Brad Isbister.
13:23 of 2nd period - Shot Misses the Net.
13:29 of 2nd period - Wrist shot by Mark Parrish.
13:29 of 2nd period - Stopped by Maxime Daigneault without a rebound.
13:30 of 2nd period - David Legwand wins face-off versus Sydney Crosby in Devils zone.
14:00 of 2nd period - Dmitri Kalinin is hit by Marcus Nilson and loses puck.
14:19 of 2nd period - Chris Kunitz is hit by Jan Hlavac and loses puck.
14:36 of 2nd period - Glen Metropolit is hit by Doug Weight and loses puck.
15:02 of 2nd period - Marian Hossa is hit by Mathieu Schneider and loses puck.
15:17 of 2nd period - Roman Hamrlik is hit by Patrik Elias and loses puck.
15:45 of 2nd period - Richard Matvichuk is hit by Brendan Bell and loses puck.
16:01 of 2nd period - Wrist shot by Chris Kunitz.
16:01 of 2nd period - Deflect By Marian Hossa.
16:01 of 2nd period - Stopped by Miika Kiprusoff with a rebound.
16:04 of 2nd period - Icing by Filip Novak.
16:05 of 2nd period - Steve Rucchin wins face-off versus Olli Jokinen in Stars zone.
16:27 of 2nd period - Snap shot by Nathan Horton.
16:27 of 2nd period - Shot Misses the Net.
16:29 of 2nd period - Wrist shot by Shea Weber.
16:29 of 2nd period - Shot Blocked by Chris Pronger.
16:31 of 2nd period - Wrist shot by Steve Rucchin.
16:31 of 2nd period - Shot Blocked by Sergei Zubov.
16:52 of 2nd period - Slapshot by Sergei Zubov.
16:52 of 2nd period - Shot Blocked by Shea Weber.
17:20 of 2nd period - Off-side.
17:21 of 2nd period - David Legwand wins face-off versus Mikael Renberg in neutral zone.
17:26 of 2nd period - Wrist shot by Patrik Elias.
17:26 of 2nd period - Stopped by Maxime Daigneault with a rebound.
17:28 of 2nd period - Slapshot by Brendan Bell.
17:28 of 2nd period - Stopped by Maxime Daigneault without a rebound.
17:29 of 2nd period - David Legwand wins face-off versus Josef Vasicek in Devils zone.
17:35 of 2nd period - David Legwand and Mikael Renberg fight to a draw.
17:35 of 2nd period - Penalty to David Legwand for Fighting.
17:35 of 2nd period - Penalty to Mikael Renberg for Fighting.
17:36 of 2nd period - Sydney Crosby wins face-off versus Mike Modano in Devils zone.
18:01 of 2nd period - Peter Prucha is hit by Colby Armstrong and loses puck.
18:47 of 2nd period - Icing by Sydney Crosby.
18:48 of 2nd period - Mike Modano wins face-off versus Sydney Crosby in Devils zone.
19:11 of 2nd period - Wrist shot by Marian Hossa.
19:11 of 2nd period - Goal by Marian Hossa - Devils : 2 - Stars : 3.
19:12 of 2nd period - Sydney Crosby wins face-off versus Steve Rucchin in neutral zone.
19:14 of 2nd period - Minor Penalty to Patrik Elias for Hooking.
19:14 of 2nd period - Minor Penalty to Marian Hossa for Holding.
19:15 of 2nd period - Doug Weight wins face-off versus Steve Rucchin in Stars zone.
3rd period
0:01 of 3rd period - Doug Weight wins face-off versus Mike Modano in neutral zone.
0:14 of 3rd period - Slapshot by Mathieu Schneider.
0:14 of 3rd period - Shot Blocked by Doug Weight.
0:36 of 3rd period - Sergei Zubov is hit by Brendan Bell and loses puck.
0:58 of 3rd period - Snap shot by Sergei Zubov.
0:58 of 3rd period - Shot Blocked by Filip Novak.
1:00 of 3rd period - Slapshot by Dmitri Kalinin.
1:00 of 3rd period - Shot Misses the Net.
1:02 of 3rd period - Slapshot by Sergei Zubov.
1:02 of 3rd period - Shot Misses the Net.
1:14 of 3rd period - Penalty to Patrik Elias is over, Patrik Elias is back on ice.
1:14 of 3rd period - Penalty to Marian Hossa is over, Marian Hossa is back on ice.
1:32 of 3rd period - Snap shot by Patrik Elias.
1:32 of 3rd period - Shot Blocked by Marian Hossa.
1:38 of 3rd period - Wrist shot by Patrik Elias.
1:38 of 3rd period - Deflect By Mike Modano.
1:38 of 3rd period - Stopped by Maxime Daigneault with a rebound.
1:40 of 3rd period - Wrist shot by Mike Modano.
1:40 of 3rd period - Shot Blocked by Chris Pronger.
1:44 of 3rd period - Snap shot by Alexei Kovalev.
1:44 of 3rd period - Shot Blocked by Roman Hamrlik.
1:58 of 3rd period - Slapshot by Patrik Elias.
1:58 of 3rd period - Stopped by Maxime Daigneault with a rebound.
2:00 of 3rd period - Backhand shot by Shea Weber.
2:00 of 3rd period - Deflect By Mike Modano.
2:00 of 3rd period - Stopped by Maxime Daigneault without a rebound.
2:01 of 3rd period - Steve Rucchin wins face-off versus Doug Weight in Devils zone.
2:02 of 3rd period - Wrist shot by Jan Hlavac.
2:02 of 3rd period - Stopped by Maxime Daigneault without a rebound.
2:03 of 3rd period - Doug Weight wins face-off versus Jan Hlavac in Devils zone.
2:10 of 3rd period - Snap shot by Nathan Horton.
2:10 of 3rd period - Deflect By Steve Rucchin.
2:10 of 3rd period - Stopped by Maxime Daigneault without a rebound.
2:11 of 3rd period - Nathan Horton wins face-off versus Doug Weight in Devils zone.
2:36 of 3rd period - Brendan Bell is hit by Doug Weight.
3:10 of 3rd period - Snap shot by Steve Rucchin.
3:10 of 3rd period - Stopped by Maxime Daigneault with a rebound.
3:12 of 3rd period - Wrist shot by Steve Rucchin.
3:12 of 3rd period - Deflect By Jan Hlavac.
3:12 of 3rd period - Stopped by Maxime Daigneault without a rebound.
3:13 of 3rd period - Sydney Crosby wins face-off versus David Legwand in Devils zone.
3:25 of 3rd period - Slapshot by Patrik Elias.
3:25 of 3rd period - Stopped by Maxime Daigneault with a rebound.
3:54 of 3rd period - Sergei Zubov is hit by Alexei Kovalev and loses puck.
4:06 of 3rd period - Slapshot by Shea Weber.
4:06 of 3rd period - Shot Misses the Net.
4:14 of 3rd period - Snap shot by Chris Kunitz.
4:14 of 3rd period - Shot Misses the Net.
4:16 of 3rd period - Slapshot by Dmitri Kalinin.
4:16 of 3rd period - Stopped by Miika Kiprusoff without a rebound.
4:17 of 3rd period - Sydney Crosby wins face-off versus David Legwand in Stars zone.
4:18 of 3rd period - Wrist shot by Marian Hossa.
4:18 of 3rd period - Goal by Marian Hossa - Devils : 3 - Stars : 3.
4:19 of 3rd period - David Legwand wins face-off versus Sydney Crosby in neutral zone.
4:22 of 3rd period - Slapshot by Ivan Majesky.
4:22 of 3rd period - Shot Blocked by Sydney Crosby.
4:30 of 3rd period - Slapshot by Chris Pronger.
4:30 of 3rd period - Shot Misses the Net.
4:32 of 3rd period - Wrist shot by Benoit Pouliot.
4:32 of 3rd period - Shot Misses the Net.
4:34 of 3rd period - Wrist shot by Chris Pronger.
4:34 of 3rd period - Shot Hit the Post.
4:49 of 3rd period - Snap shot by Ramzi Abid.
4:49 of 3rd period - Goal by Ramzi Abid - Devils : 4 - Stars : 3.
4:50 of 3rd period - David Legwand wins face-off versus Sydney Crosby in neutral zone.
5:16 of 3rd period - Slapshot by Peter Prucha.
5:16 of 3rd period - Shot Misses the Net.
5:18 of 3rd period - Slapshot by Dmitri Kalinin.
5:18 of 3rd period - Deflect By Peter Prucha.
5:18 of 3rd period - Goal by Peter Prucha - Devils : 5 - Stars : 3.
5:19 of 3rd period - Sydney Crosby wins face-off versus David Legwand in neutral zone.
5:34 of 3rd period - Slapshot by Patrik Elias.
5:34 of 3rd period - Shot Hit the Post.
5:41 of 3rd period - Icing by Chris Pronger.
5:42 of 3rd period - Sydney Crosby wins face-off versus Marcus Nilson in Devils zone.
5:57 of 3rd period - Snap shot by Ramzi Abid.
5:57 of 3rd period - Shot Misses the Net.
6:15 of 3rd period - Slapshot by Marian Hossa.
6:15 of 3rd period - Stopped by Miika Kiprusoff without a rebound.
6:16 of 3rd period - Olli Jokinen wins face-off versus Steve Rucchin in Stars zone.
6:21 of 3rd period - Wrist shot by Ramzi Abid.
6:21 of 3rd period - Shot Blocked by Jan Hlavac.
6:23 of 3rd period - Wrist shot by Olli Jokinen.
6:23 of 3rd period - Shot Misses the Net.
7:53 of 3rd period - Wrist shot by Colby Armstrong.
7:53 of 3rd period - Shot Misses the Net.
7:55 of 3rd period - Snap shot by Colby Armstrong.
7:55 of 3rd period - Stopped by Maxime Daigneault without a rebound.
7:56 of 3rd period - Mike Modano wins face-off versus Benoit Pouliot in Devils zone.
8:56 of 3rd period - Off-side.
8:57 of 3rd period - Sydney Crosby wins face-off versus Steve Rucchin in neutral zone.
9:01 of 3rd period - Off-side.
9:02 of 3rd period - Steve Rucchin wins face-off versus Sydney Crosby in neutral zone.
9:09 of 3rd period - Wrist shot by Jan Hlavac.
9:09 of 3rd period - Shot Misses the Net.
9:11 of 3rd period - Wrist shot by Jan Hlavac.
9:11 of 3rd period - Goal by Jan Hlavac - Devils : 5 - Stars : 4.
9:12 of 3rd period - David Legwand wins face-off versus Sydney Crosby in neutral zone.
9:33 of 3rd period - Benoit Pouliot is hit by Patrik Elias and loses puck.
9:41 of 3rd period - Icing by Sergei Zubov.
9:42 of 3rd period - Steve Rucchin wins face-off versus Sydney Crosby in Devils zone.
9:43 of 3rd period - Snap shot by Nathan Horton.
9:43 of 3rd period - Shot Misses the Net.
11:30 of 3rd period - Shea Weber is hit by Chris Pronger and loses puck.
11:39 of 3rd period - Josef Vasicek is hit by Alexei Kovalev and loses puck.
12:00 of 3rd period - Slapshot by Patrik Elias.
12:00 of 3rd period - Stopped by Maxime Daigneault without a rebound.
12:01 of 3rd period - Doug Weight wins face-off versus Nathan Horton in Devils zone.
13:06 of 3rd period - Slapshot by Mathieu Schneider.
13:06 of 3rd period - Shot Misses the Net.
13:12 of 3rd period - Alexei Kovalev is hit by Benoit Pouliot and loses puck.
13:28 of 3rd period - Minor Penalty to Steve Rucchin for Hooking.
13:29 of 3rd period - Mike Modano wins face-off versus Sydney Crosby in Stars zone.
13:38 of 3rd period - Ramzi Abid is hit by Mike Modano.
14:13 of 3rd period - Dmitri Kalinin is hit by Filip Novak and loses puck.
15:28 of 3rd period - Penalty to Steve Rucchin is over, Steve Rucchin is back on ice.
15:45 of 3rd period - Slapshot by Steve Rucchin.
15:45 of 3rd period - Shot Misses the Net.
15:47 of 3rd period - Slapshot by Mike Modano.
15:47 of 3rd period - Shot Misses the Net.
15:49 of 3rd period - Slapshot by Mathieu Schneider.
15:49 of 3rd period - Deflect By Alexei Kovalev.
15:49 of 3rd period - Stopped by Maxime Daigneault without a rebound.
15:50 of 3rd period - David Legwand wins face-off versus Peter Prucha in Devils zone.
16:03 of 3rd period - Ramzi Abid is hit by Brendan Bell and loses puck.
16:28 of 3rd period - Mathieu Schneider is hit by Marian Hossa and loses puck.
16:59 of 3rd period - Slapshot by Doug Weight.
16:59 of 3rd period - Stopped by Miika Kiprusoff with a rebound.
18:14 of 3rd period - Richard Matvichuk is hit by Glen Metropolit and loses puck.
19:00 of 3rd period - Stars, Miika Kiprusoff is pulled from the net.
19:12 of 3rd period - Wrist shot by Patrik Elias.
19:12 of 3rd period - Shot Misses the Net.
19:16 of 3rd period - Wrist shot by Patrik Elias.
19:16 of 3rd period - Stopped by Maxime Daigneault with a rebound.
19:22 of 3rd period - Snap shot by Steve Rucchin.
19:22 of 3rd period - Stopped by Maxime Daigneault with a rebound.
19:26 of 3rd period - Wrist shot by Nathan Horton.
19:26 of 3rd period - Shot Blocked by Sergei Zubov.
19:28 of 3rd period - Wrist shot by Patrik Elias.
19:28 of 3rd period - Shot Misses the Net.
19:30 of 3rd period - Slapshot by Filip Novak.
19:30 of 3rd period - Deflect By Sydney Crosby.
19:30 of 3rd period - Stopped by Maxime Daigneault with a rebound.
19:32 of 3rd period - Snap shot by Filip Novak.
19:32 of 3rd period - Shot Blocked by Sergei Zubov.
19:34 of 3rd period - Slapshot by Shea Weber.
19:34 of 3rd period - Shot Blocked by Marian Hossa.
19:36 of 3rd period - Snap shot by Steve Rucchin.
19:36 of 3rd period - Stopped by Maxime Daigneault without a rebound.
19:37 of 3rd period - Barry Trotz call a timeout for Stars.
19:37 of 3rd period - Sydney Crosby wins face-off versus Steve Rucchin in Devils zone.
Output by the SimonT Hockey Simulator (STHS) for François Prévost -- Original Page W3C XHTML 1.0 Valid